 Dungeon Crawl Stone Soup version 0.21.1-1-g345015fe64 (webtiles) character file.

122 Peloso the Covered (level 4, -3/35 HPs)
             Began as a Demonspawn Fighter on May 13, 2018.
             Slain by Crazy Yiuf
             ... wielding a +2 quarterstaff of chaos
              (9 damage)
             ... on level 2 of the Dungeon.
             The game lasted 00:02:49 (1402 turns).

Peloso the Covered (Demonspawn Fighter)             Turns: 1402, Time: 00:02:50

Health: -3/35      AC: 11    Str: 18    XL:     4   Next: 78%
Magic:  2/4        EV:  3    Int:  9    God:
Gold:   113        SH:  9    Dex: 12    Spells: 3/3 levels left

rFire    . . .     SeeInvis .   a - +0 long sword
rCold    . . .     Gourm    .   c - +0 shield
rNeg     + . .     Faith    .   g - +0 plate armour
rPois    .         Spirit   .   (helmet restricted)
rElec    .         Reflect  .   (no cloak)
rCorr    .         Harm     .   (no gloves)
MR       .....                  (no boots)
Stlth    ..........             (no amulet)
HPRegen  0.11/turn              q - ring of positive energy
MPRegen  0.09/turn              (no ring)

@: lethally poisoned (-3 -> -7)
A: horns 1
a: no special abilities


You were on level 2 of the Dungeon.
You were not hungry.

You visited 1 branch of the dungeon, and saw 2 of its levels.

You collected 113 gold pieces.

Inventory:

Hand Weapons
 a - a +0 long sword (weapon)
Missiles
 w - 19 bolts
Armour
 c - a +0 shield (worn)
 g - a +0 plate armour (worn)
Jewellery
 q - a ring of positive energy (left hand)
Wands
 m - a wand of digging (14)
 r - a wand of disintegration (10)
Scrolls
 b - 2 scrolls of remove curse {unknown}
 h - a scroll of identify {unknown}
 j - 2 scrolls of teleportation {unknown}
 k - 5 scrolls of enchant weapon {unknown}
 l - a scroll of noise {unknown}
 n - a scroll of fear {unknown}
 o - 3 scrolls of random uselessness {unknown}
 t - a scroll of fog {unknown}
Potions
 d - a potion of might
 e - a potion of mutation {unknown}
 i - 2 potions of curing {unknown}
 p - a potion of invisibility {unknown}
 s - a potion of heal wounds {unknown}
 u - a potion of brilliance {unknown}
 v - a potion of haste {unknown}
Comestibles
 f - 2 rations


   Skills:
 + Level 3.3 Fighting
 + Level 3.3 Long Blades
 + Level 3.4 Armour
 + Level 3.2 Shields


You had 3 spell levels left.
You didn't know any spells.

Dungeon Overview and Level Annotations

Branches:
Dungeon (2/15)

Altars:
Ru
Zin

Annotations:
D:2 Crazy Yiuf


Innate Abilities, Weirdness & Mutations

You have a pair of small horns on your head.


Message History

Crazy Yiuf grits, "Gum Hive arga!"
Crazy Yiuf hits you but does no damage.
You are poisoned.
Unknown command.
You hit Crazy Yiuf but do no damage.
Crazy Yiuf is almost dead.
You feel sick. You block Crazy Yiuf's attack.
You closely miss Crazy Yiuf. You headbutt Crazy Yiuf.
Crazy Yiuf is almost dead.
You feel sick.
Crazy Yiuf hits you with a quarterstaff of chaos.
* * * LOW HITPOINT WARNING * * *
You feel your power leaking away. You block Crazy Yiuf's attack.
You hit Crazy Yiuf but do no damage.
You headbutt Crazy Yiuf, but do no damage.
Crazy Yiuf is almost dead.
You feel sick.
Crazy Yiuf hits you with a quarterstaff of chaos!
You die...

## <# .# (#
.# ##### .#
#)..#
.########
#.g.#
.##.....####
#.@.#
...........#
##'##
......#.####
♣.♣♣
..........#
♣♣.♣
###.....#.#
♣.♣♣
###.###.#
♣♣.♣
#####.###.##
♣♣.♣♣
...........#
♣♣...♣
.#.....((..#
♣....♣


You could see Crazy Yiuf.

Vanquished Creatures
  4 gnolls (D:2)
  2 adders (D:2)
  2 worms (D:2)
  A dart slug (D:2)
  3 leopard geckos (D:2)
  2 ball pythons
  3 giant cockroaches
  4 hobgoblins
  13 jackals
  6 kobolds
  2 bats
  A frilled lizard (D:1)
  6 goblins
  3 rats
52 creatures vanquished.

Notes
Turn   | Place    | Note
-------+----------+-------------------------------------------
     0 | D:1      | Peloso the Demonspawn Fighter began the quest for the Orb.
     0 | D:1      | Reached XP level 1. HP: 18/18 MP: 1/1
    71 | D:1      | Gained mutation: You have a pair of small horns on your head. [demonic ancestry]
    71 | D:1      | Reached XP level 2. HP: 17/24 MP: 2/2
   521 | D:1      | Reached XP level 3. HP: 15/29 MP: 3/3
   789 | D:2      | Found a runed door.
   943 | D:2      | Found a sacrificial altar of Ru.
   944 | D:2      | Found a glowing silver altar of Zin.
  1003 | D:2      | Reached XP level 4. HP: 25/35 MP: 4/4
  1143 | D:2      | Found a faded altar of an unknown god.
  1388 | D:2      | Noticed Crazy Yiuf
  1390 | D:2      | Paralysed by Crazy Yiuf for 2 turns
  1402 | D:2      | Slain by Crazy Yiuf

Skill      XL: |  1  2  3  4 |
---------------+-------------+-----
Long Blades    | 2 3 |  3.3
Armour         | 3 |  3.4
Shields        | 3 |  3.2
Fighting       | |  3.3

Action                   |  1- 3 |  4- 6 || total
-------------------------+-------+-------++-------
Melee: Long sword        |   151 |    42 ||   193
       Headbutt          |    20 |    10 ||    30
  Eat: Chunk             |     1 |     1 ||     2
Armor: Plate armour      |   102 |    21 ||   123
       Scale mail        |     7 |       ||     7
Dodge: Dodged            |    17 |     1 ||    18
Block: Shield            |   102 |    22 ||   124
       Rpst.: Long sword |     8 |       ||     8
